 Dungeon Crawl Stone Soup version 0.28-a0-1638-g9123634e07 (webtiles) character file.

Game seed: 139577402503014624

14160 issech the Basher (level 11, -3/99 HPs)
             Began as a Troll Monk on Jan 25, 2022.
             Was a High Priest of Hepliaklqana.
             Slain by a culicivora (19 damage)
             ... on level 2 of the Lair of Beasts.
             The game lasted 00:57:02 (10531 turns).

issech the Basher (Troll Monk)                     Turns: 10531, Time: 00:57:03

Health: -3/99      AC: 10    Str: 21    XL:     11   Next: 85%
Magic:  0/10       EV: 13    Int:  6    God:    Hepliaklqana [*****.]
Gold:   787        SH:  0    Dex: 16    Spells: 10/10 levels left

rFire   . . .      SeeInvis .   J - +0 giant spiked club
rCold   + . .      Faith    .   (shield currently unavailable)
rNeg    . . .      Spirit   +   H - +1 robe {rC+}
rPois   .          Reflect  .   (helmet restricted)
rElec   .          Harm     .   M - +0 cloak
rCorr   .          Rampage  .   (gloves unavailable)
Will    .....                   (boots unavailable)
Stlth   +++.......              B - amulet of guardian spirit
HPRegen 1.06/turn               i - +4 ring of protection
MPRegen 0.12/turn               s - +4 ring of slaying

@: marked
A: reduced essence, large, unfitting armour, claws 3, regeneration 1, shaggy fur
1, tough skin 1
a: Renounce Religion, Recall Ancestor, Ancestor Identity, Transference, Idealise


You were on level 2 of the Lair of Beasts.
You worshipped Hepliaklqana.
Hepliaklqana was extremely pleased with you.
You visited 2 branches of the dungeon, and saw 10 of its levels.
You also visited: Ossuary.

You collected 787 gold pieces.

Inventory:

Hand Weapons
 w - a +1 whip of venom
 x - a +5 falchion
 C - a +2 whip of freezing
 I - a +0 morningstar
 J - a +0 giant spiked club (weapon)
 L - a +1 short sword of distortion
 N - a +0 arbalest
 R - a +4 short sword of freezing
 W - a +2 vorpal scimitar
 Z - a +0 dire flail
Missiles
 b - 6 curare-tipped darts
 h - 31 sling bullets
 j - 210 arrows
 l - 10 boomerangs (quivered)
 o - 464 stones
 q - 113 bolts
 A - 38 poisoned darts
 V - 9 javelins
Armour
 H - a +1 robe of cold resistance (worn)
 M - a +0 cloak (worn)
 U - a +0 kite shield
 X - a +1 robe of fire resistance
Jewellery
 i - a +4 ring of protection (left claw)
 s - a +4 ring of slaying (right claw)
 B - an amulet of guardian spirit (around neck)
 D - a ring of poison resistance
 E - a ring of positive energy
 O - a +4 ring of evasion
 S - a +6 ring of strength
 Y - an amulet of regeneration
Wands
 c - a wand of acid (2)
 v - a wand of flame (8)
 z - a wand of iceblast (7)
Scrolls
 d - 2 scrolls of fog
 e - a scroll of enchant weapon
 k - 5 scrolls of fear
 r - 6 scrolls of teleportation
 t - 3 scrolls of amnesia
 y - 2 scrolls of enchant armour
 P - a scroll of magic mapping
Potions
 f - 3 potions of haste
 g - 2 potions of berserk rage {unknown}
 m - 3 potions of flight
 n - 3 potions of lignification {unknown}
 p - 3 potions of curing
 u - 2 potions of mutation {unknown}
 F - a potion of magic {unknown}
 G - a potion of degeneration {unknown}
 K - 2 potions of brilliance
 T - a potion of attraction {unknown}
Miscellaneous
 a - a condenser vane


   Skills:
 + Level 8.0 Fighting
 + Level 13.0 Maces & Flails
 + Level 7.1 Dodging
 + Level 4.1 Stealth


You had 10 spell levels left.
You didn't know any spells.
Your spell library contained the following spells:

 Spells                   Type           Power      Damage    Failure   Level
 Slow                     Hex            0%         N/A       45%         1
 Corpse Rot               Necr/Air       0%         N/A       58%         2
 Poisonous Vapours        Pois/Air       0%         N/A       58%         2
 Confusing Touch          Hex            0%         N/A       83%         3
 Portal Projectile        Hex/Tloc       0%         N/A       83%         3
 Tukima's Dance           Hex            0%         N/A       83%         3
 Vampiric Draining        Necr           0%         2d6       83%         3
 Fulminant Prism          Conj/Hex       0%         3d6       99%         4
 Iskenderun's Mystic Bla  Conj/Tloc      0%         2d3       99%         4
 Passage of Golubria      Tloc           0%         N/A       99%         4
 Alistair's Intoxication  Tmut/Pois      0%         N/A       100%        5
 Lee's Rapid Deconstruct  Erth           0%         3d5*      100%        5
 Manifold Assault         Tloc           0%         N/A       100%        5
 Yara's Violent Unravell  Hex/Tmut       0%         3d3       100%        5
 Dispersal                Tloc           0%         N/A       100%        6
 Disjunction              Tloc           0%         N/A       100%        8


Dungeon Overview and Level Annotations

Branches:
Dungeon (8/15)             Temple (0/1) D:4            Lair (2/6) D:8
Ossuary (visited)
  Swamp: Lair:2-4    Shoals: Lair:2-4     Snake: Lair:2-4    Spider: Lair:2-4

Altars:
Cheibriados
Gozag
Hepliaklqana
Kikubaaqudgha
Makhleb
Qazlal
Ru
Trog

Shops:
D:5 *!

Annotations:
Lair:2 Harold


Innate Abilities, Weirdness & Mutations

Your life essence is reduced to manifest your ancestor. (-10% HP)
You are too large for most types of armour.
You have claws for hands.
Your natural rate of healing is unusually fast.
You are covered in fur. (AC +1)
You have tough skin. (AC +1)


Message History

A sentinel's mark forms upon you. The culicivora closely misses you.
Harold fires a harpoon shot at you. The harpoon shot hits you.
You are yanked forward by the harpoon shot.
You hit Harold.
Harold is almost dead.
Harold barely misses you. The culicivora bites you!
The culicivora draws strength from your injuries!
Harold looks eager to get this over with.
Harold casts a spell at you. The mark upon you grows brighter.
You hit Harold.
Harold is almost dead.
The culicivora barely misses you.
Harold points at you and mumbles some strange words.
The mark upon you grows brighter.
You hit Harold.
Harold is almost dead.
The culicivora bites you!
The culicivora draws strength from your injuries!
The culicivora bites you!
The culicivora draws strength from your injuries!
Harold points at you and mumbles some strange words.
The mark upon you grows brighter.
You hit Harold.
Harold is almost dead.
The culicivora bites you!!
* * * LOW HITPOINT WARNING * * *
The culicivora draws strength from your injuries!
Harold hits you with a +0 trident!
* * * LOW HITPOINT WARNING * * *
The culicivora bites you.
* * * LOW HITPOINT WARNING * * *
The culicivora draws strength from your injuries!
Blink to where?
Press: ? - help, Dir - move target
As you read the scroll of blinking, it crumbles to dust.
The culicivora bites you!!
You die...

###..# ##....##### #
#..## ###P'###.## # ##..#
######.#.......# ##
##.'####.##.##........#
#†
#........#....'.......#
#.
#.......'..####.......#
#.
##........######....?..##
####. #........##
#.#........#####.###
##.......##
##.@s.....#..##....†
###P.....#
#........@........#
#....###
##.......#.###P..#.
###.###
##.....########.### #...#
##.##.....##.##### ##..#
#..............# ##.#
##.............# ##.##
#..............# #...#
##.............####


You could see Harold and a culicivora.

Vanquished Creatures
  A boulder beetle (Lair:2)
  2 two-headed ogres (D:8)
  3 black mambas
  2 centaur zombies (D:8)
  2 cane toads (Lair:2)
  A rime drake (Lair:2)
  A polar bear (Lair:2)
  A culicivora (Lair:2)
  A spriggan (Lair:2)
  A basilisk (Lair:2)
  3 yaks (Lair:1)
  A wraith (D:8)
  4 water moccasins
  Duvessa (D:7)
  2 orc warriors
  A black bear (Lair:2)
  A sky beast (D:6)
  An ogre (D:5)
  A centaur (D:6)
  A lemure (D:4)
  A phantom (D:4)
  An elf zombie (Ossuary)
  5 bullfrogs
  A water moccasin zombie (D:5)
  A water moccasin skeleton (D:6)
  Dowan (D:7)
  5 wights
  A howler monkey (D:7)
  A bullfrog zombie (D:6)
  A bullfrog skeleton (D:6)
  A jelly (D:5)
  A gnoll shaman (D:5)
  An orc priest (D:7)
  2 iguanas
  An orc wizard (D:6)
  A hound skeleton (D:5)
  A mummy (Ossuary)
  5 gnolls
  6 adders
  A white imp (D:7)
  14 orcs
  10 ball pythons
  4 endoplasms
  12 giant cockroaches
  7 goblins
  6 hobgoblins
  15 kobolds
  5 quokkas
  4 bats
  7 frilled lizards
  4 gnoll zombies (Ossuary)
  2 hobgoblin zombies (Ossuary)
  7 rats
166 creatures vanquished.

Vanquished Creatures (collateral kills)
  2 hydras (Lair:1)
  A two-headed ogre (D:8)
  Sonja (Lair:2)
  Pikel (D:4)
  2 komodo dragons
  A spriggan (Lair:2)
  A wyvern (D:7)
  2 yaks (Lair:1)
  An acid dragon (D:8)
  4 water moccasins
  3 orc warriors
  A black bear (Lair:1)
  An ogre (D:6)
  A centaur (D:7)
  3 wolves (Lair:2)
  3 lemures (D:4)
  A phantom (D:4)
  2 kobold brigands
  4 bullfrogs
  An elf zombie (Ossuary)
  A cane toad simulacrum (Lair:2)
  3 wights (D:8)
  2 howler monkeys
  An electric eel (Lair:1)
  A bullfrog zombie (D:5)
  2 gnoll shamans
  4 orc priests
  4 hounds
  A centaur skeleton (D:7)
  An iguana (D:5)
  2 orc wizards
  Natasha (D:3)
  2 killer bee zombies (D:6)
  A mummy (Ossuary)
  A howler monkey zombie (D:5)
  7 gnolls
  3 adders
  An ufetubus (D:4)
  2 worms (D:4)
  5 orcs
  2 endoplasms (D:4)
  4 quokkas
  A gnoll zombie (Ossuary)
  2 goblin zombies (Ossuary)
  A hobgoblin zombie (Ossuary)
  5 kobolds
  2 orc zombies (Ossuary)
98 creatures vanquished.

Vanquished Creatures (others)
  9 battlemagi
  10 fungi
  64 plants
83 creatures vanquished.

Grand Total: 347 creatures vanquished

Notes
Turn   | Place    | Note
-------+----------+-------------------------------------------
     0 | D:1      | issech the Troll Monk began the quest for the Orb.
     0 | D:1      | Reached XP level 1. HP: 22/22 MP: 0/0
   140 | D:1      | Reached XP level 2. HP: 27/29 MP: 1/1
   191 | D:1      | Reached skill level 3 in Maces & Flails
   502 | D:1      | Reached XP level 3. HP: 36/36 MP: 2/2
   640 | D:1      | Found a faded altar of an unknown god.
  1504 | D:2      | Reached XP level 4. HP: 44/44 MP: 3/3
  1751 | D:3      | Found a bloodstained altar of Trog.
  1986 | D:3      | Found a hazy altar of Hepliaklqana.
  1994 | D:3      | Became a worshipper of Hepliaklqana the Forgotten
  1994 | D:3      | Reached * piety under Hepliaklqana
  1994 | D:3      | Reached ** piety under Hepliaklqana
  1995 | D:3      | Remembered your ancestor Milos as a battlemage
  2112 | D:3      | Noticed Natasha
  2119 | D:3      | Killed Natasha
  2230 | D:3      | Reached skill level 4 in Maces & Flails
  2232 | D:3      | Reached XP level 5. HP: 25/47 MP: 4/4
  2416 | D:4      | Noticed a phantom
  2435 | D:4      | Killed a phantom
  2478 | D:4      | Found a bloodstained altar of Trog.
  2554 | D:4      | Reached XP level 6. HP: 40/54 MP: 5/5
  2603 | D:4      | Reached skill level 5 in Maces & Flails
  2754 | D:4      | Found a staircase to the Ecumenical Temple.
  2777 | D:4      | Noticed Pikel
  2989 | D:4      | Killed Pikel
  2990 | D:4      | Reached skill level 6 in Maces & Flails
  2990 | D:4      | Reached XP level 7. HP: 41/63 MP: 6/6
  3691 | D:5      | Entered Level 5 of the Dungeon
  3711 | D:5      | Reached *** piety under Hepliaklqana
  3721 | D:5      | Reached XP level 8. HP: 67/70 MP: 7/7
  4276 | D:5      | Found Urchinox's Distillery.
  4280 | D:5      | Reached skill level 7 in Maces & Flails
  4280 | D:5      | Reached skill level 5 in Dodging
  4379 | D:5      | Found an ancient bone altar of Kikubaaqudgha.
  4379 | D:5      | Found a burning altar of Makhleb.
  4380 | D:5      | Found an opulent altar of Gozag.
  4380 | D:5      | Found a sacrificial altar of Ru.
  4394 | D:5      | Found Jahifiwn's Assorted Antiques.
  4846 | D:6      | Reached skill level 5 in Fighting
  4947 | D:6      | Reached XP level 9. HP: 76/79 MP: 8/8
  5079 | D:6      | Reached **** piety under Hepliaklqana
  5177 | D:6      | Reached skill level 8 in Maces & Flails
  5669 | D:7      | Noticed Duvessa
  5671 | D:7      | Noticed Dowan
  5677 | D:7      | Killed Duvessa
  5678 | D:7      | Killed Dowan
  6042 | D:7      | Got Diaf's Handbook of Success
  6091 | D:7      | Found a sand-covered staircase.
  6099 | Ossuary  | Entered an ossuary
  6141 | Ossuary  | Reached skill level 9 in Maces & Flails
  6852 | D:8      | Reached XP level 10. HP: 82/88 MP: 9/9
  6897 | D:8      | Found a stormy altar of Qazlal.
  7013 | D:8      | Reached skill level 10 in Maces & Flails
  7021 | D:8      | Noticed a two-headed ogre
  7192 | D:8      | Noticed a two-headed ogre
  7388 | D:8      | Found a staircase to the Lair.
  7522 | D:8      | Noticed a two-headed ogre
  7530 | D:8      | Killed a two-headed ogre
  7748 | D:8      | Killed a two-headed ogre
  7817 | D:8      | Killed a two-headed ogre
  7818 | D:8      | Reached skill level 11 in Maces & Flails
  8066 | D:8      | Found a snail-covered altar of Cheibriados.
  8172 | Lair:1   | Entered Level 1 of the Lair of Beasts
  8327 | Lair:1   | Noticed a four-headed hydra
  8426 | Lair:1   | Killed a four-headed hydra
  8685 | Lair:1   | Reached ***** piety under Hepliaklqana
  8758 | Lair:1   | Reached XP level 11. HP: 96/96 MP: 10/10
  9027 | Lair:1   | Reached skill level 12 in Maces & Flails
  9329 | Lair:2   | Noticed a five-headed hydra
  9400 | Lair:1   | Killed a five-headed hydra
  9484 | Lair:2   | Noticed Sonja
  9504 | Lair:2   | Killed Sonja
  9566 | Lair:2   | Noticed a boulder beetle
  9583 | Lair:2   | HP: 2/98 [boulder beetle (19)]
  9813 | Lair:2   | Killed a boulder beetle
  9880 | Lair:2   | Found a frozen archway.
 10498 | Lair:2   | Noticed Harold
 10507 | Lair:2   | Reached skill level 13 in Maces & Flails
 10519 | Lair:2   | HP: 3/99 [culicivora (5)]
 10531 | Lair:2   | Slain by a culicivora

Illustrated notes

Levels and vault maps discovered:
D:1:      kilobyte_arrival_exit_the_forest, layout_basic,
          hellmonk_ecumenical_altar_zigzags, solitary_fountain,
          minmay_worlds_worst_comb
D:2:      layout_basic
D:3:      layout_loops_ring, nicolae_overflow_crystal_walls,
          trog_three_pillars_becter, uniq_natasha
D:4:      wad_woods_stonehenge, layout_loops_ring,
          minmay_temple_entry_steel_oval, uniq_pikel
D:5:      layout_loops_corners, chequers_temple_overflow_statue_of_worship,
          serial_shops, shop_statue, nicolae_shop_waterfront
D:6:      layout_loops_ring
D:7:      layout_basic, enter_ossuary_2, uniq_duvessa
D:8:      layout_rooms, lemuel_coloured_pillars_altar, grunt_qazlal_clouds,
          dpeg_oklobed_lair, minmay_increasing_density
Lair:1:   layout_loops_ring, serial_bayou_ford_a, serial_bayou_pond_e
Lair:2:   layout_roguey, hellmonk_spider_entry_life_and_decay,
          portal_ice_cave_entry_ice_simulacra, forest_entry_grove, uniq_harold,
          uniq_sonja

Skill      XL: |  1  2  3  4  5  6  7  8  9 10 11 |
---------------+----------------------------------+-----
Maces & Flails | 3 4 6 7 9 11 13 | 13.0
Dodging        | 3 4 5 6 7 |  7.1
Fighting       | 3 4 5 6 8 |  8.0
Stealth        | 2 3 4 |  4.1

Action                   |  1- 3 |  4- 6 |  7- 9 | 10-12 || total
-------------------------+-------+-------+-------+-------++-------
Melee: Mace              |   142 |   128 |       |       ||   270
       Punch             |     2 |     2 |     4 |       ||     8
       Whip              |       |       |   213 |       ||   213
       Giant spiked club |       |       |   140 |   150 ||   290
       Morningstar       |       |       |     2 |       ||     2
Invok: Ancestor Life: Ba |       |     1 |       |       ||     1
  Use: Scroll            |       |     3 |     8 |     7 ||    18
       Potion            |       |       |       |     3 ||     3
 Stab: Sleeping          |     2 |     1 |     2 |     3 ||     8
       Distracted        |       |     2 |     2 |     5 ||     9
Armor: Robe              |    84 |    49 |    32 |    50 ||   215
       Skin              |       |       |    33 |     3 ||    36
Dodge: Dodged            |    99 |    69 |   120 |   124 ||   412

Table legend: (Time is in decaauts)
 A = Elapsed time spent in this place.
 B = Non-inter-level travel time spent in this place.
 C = Inter-level travel time spent in this place.
 D = Time resting spent in this place.
 E = Time spent auto-exploring this place.
 F = Levels seen in this place.
 G = Mean time per level.
                   A        B        C        D        E       F      G
               +--------+--------+--------+--------+--------+-----+--------+
         Total |  10651 |  10242 |    409 |    956 |   3828 |  11 |  968.3 |
       Dungeon |   8114 |   7759 |    355 |    483 |   3125 |   8 | 1014.2 |
          Lair |   2388 |   2334 |     54 |    473 |    653 |   2 | 1194.0 |
       Ossuary |    148 |    148 |      0 |      0 |     49 |   1 |  148.0 |
               +--------+--------+--------+--------+--------+-----+--------+

Top non-repeatable levels by time:
  Lair:1: 1267 daAuts
     D:4: 1234 daAuts
     D:7: 1213 daAuts
     D:8: 1194 daAuts
  Lair:2: 1121 daAuts
     D:1: 1102 daAuts
     D:5: 1037 daAuts
     D:6: 950 daAuts
     D:3: 692 daAuts
     D:2: 689 daAuts
 Ossuary: 148 daAuts
